AoeStats
← LionelTupac

Arabia

509772979Analyzed
2v2 RM · 5d ago on Sep 28, 2026· 68m 16s· 4 players
Game mode
Random Map
Map size
Medium (4 player)
Population
200
Speed
Normal
Resources
Standard
Victory
Conquest
Starting age
Dark Age
Ending age
Imperial Age
RankedLock teamsTeams togetherTeam positionsShared explorationLock speedFull tech treeHidden civsTurbo modeCheats
Victory
Defeat
🇦🇷 Franks · Argentina
833
+15
🇦🇷 Ethiopians · Argentina
798
+16
🇺🇸 Koreans · United States
819
-16
🇺🇸 Maya · United States
797
-15
unamingname
0:31 Loom
13:33 Feudal Age
18:57 Castle Age
17:54 Fletching
18:05 Padded Archer Armor
22:50 Double-Bit Axe
22:48 Horse Collar
24:24 Bodkin Arrow
29:55 Bow Saw
30:25 Leather Archer Armor
31:01 Wheelbarrow
31:02 Heavy Plow
42:03 Imperial Age
42:04 Ballistics
42:00 Masonry
41:49 Murder Holes
42:09 Elite Plumed Archer
43:19 Bracer
43:48 Hand Cart
44:12 Ring Archer Armor
47:27 Chemistry
46:54 Sappers
47:46 Conscription
51:01 Two-Man Saw
emuguchin [GME HODLER]
7:03 Loom
9:37 Feudal Age
13:02 Fletching
34:18 Castle Age
33:36 Double-Bit Axe
36:15 Bodkin Arrow
41:29 Town Watch
44:37 Husbandry
49:22 Horse Collar
52:20 Imperial Age
52:40 Wheelbarrow
59:59 Squires
62:35 Pikeman
64:14 Scale Mail Armor
MartínFierro
4:33 Loom
11:03 Feudal Age
11:50 Double-Bit Axe
11:49 Horse Collar
16:54 Town Watch
24:57 Castle Age
25:37 Crossbowman
26:22 Thumb Ring
30:24 Bow Saw
30:24 Heavy Plow
30:16 Fletching
33:45 Gold Mining
34:36 Elite Skirmisher
35:56 Wheelbarrow
36:22 Padded Archer Armor
36:15 Stone Mining
38:11 Bodkin Arrow
41:35 Leather Archer Armor
45:51 Imperial Age
48:35 Two-Man Saw
48:04 Ballistics
48:45 Chemistry
50:08 Conscription
50:23 Scale Barding Armor
50:29 Forging
50:20 Bracer
50:23 Light Cavalry
51:08 Hussar
51:49 Husbandry
52:15 Chain Barding Armor
53:30 Iron Casting
53:19 Hand Cart
53:04 Town Patrol
61:30 Ring Archer Armor
62:01 Blast Furnace
62:51 Siege Engineers
LionelTupac
6:42 Loom
12:30 Feudal Age
13:57 Double-Bit Axe
16:52 Scale Barding Armor
16:58 Forging
24:56 Castle Age
26:05 Husbandry
25:26 Light Cavalry
32:56 Wheelbarrow
36:07 Hand Cart
35:38 Town Watch
37:49 Chain Barding Armor
38:05 Iron Casting
42:01 Bow Saw
41:23 Pikeman
42:03 Squires
42:35 Town Patrol
46:57 Imperial Age
48:30 Caravan
49:03 Coinage
48:07 Cavalier
49:51 Blast Furnace
49:27 Gold Mining
49:27 Stone Mining
50:18 Banking
50:31 Fletching
50:07 Paladin
55:32 Ballistics
55:07 Murder Holes
55:25 Masonry
55:20 Bodkin Arrow
56:31 Plate Barding Armor
57:59 Onager
59:44 Chemistry
58:12 Capped Ram
60:56 Heavy Scorpion
Connection lost

Rejoining the realm…

Still unreachable

The connection could not be restored.

Session expired

The server has moved on; the page needs a fresh start.